[ PARTIDA AOE2 · #506343060 ]
UnrankedPolacos vs Slavs
Equipo del jugador · DERR
Equipo rival · VICT
[ ANÁLISIS DE REPETICIÓN · EXTRAÍDO DE LA PARTIDA GRABADA ]
Feudal
8:51
Castillos
20:15
Imperial
—
| APM promedio | 82.4 |
| APM pico | 113 |
| eAPM promedio | 40.1 |
| Aldeanos / militares | 90 / 82 |
Foco
⚔️ 51.6% · 🌾 48.4%
Cavalry Archer ×46 · Mangonel ×12 · Skirmisher ×11 · Knight ×7 · Monk ×3 · Archer ×1
Feudal
9:15
Castillos
22:14
Imperial
—
| APM promedio | 71.8 |
| APM pico | 107 |
| eAPM promedio | 36.0 |
| Aldeanos / militares | 176 / 80 |
Foco
⚔️ 47.9% · 🌾 52.1%
Skirmisher ×62 · Militia ×7 · Monk ×5 · Mangonel ×4 · Battering Ram ×2
Mapa de la partida
Recursos iniciales + cada clic de construcción. Líneas = muros · curvas = relieve. ◆ oro · ⬟ piedra · ● bayas · ✦ reliquia · ◌ hueco del cierre
Tu base· ✓ Cerrada en 20:15 · 56t muro · 1 puerta(s)
Base de VENÓN | Sigfridinho· ✓ Cerrada en 22:14 · 54t muro · sin puerta
Terreno inicial suavizado · ◌ = hueco del cierre detectado · pasá el cursor para detalles
Inputs por minuto
— 我本善良 - - VENÓN | Sigfridinho
Build order — 我本善良
Primeras 150 de 295 acciones detectadas
| 0:00 | Encolar | Villager (Male) |
| 0:01 | Encolar | Villager (Male) |
| 0:02 | Construir | House |
| 0:02 | Construir | House |
| 0:09 | Encolar | Villager (Male) |
| 0:10 | Encolar | Villager (Male) |
| 1:34 | Encolar | Villager (Male) |
| 1:34 | Encolar | Villager (Male) |
| 1:58 | Encolar | Villager (Male) |
| 1:59 | Encolar | Villager (Male) |
| 2:16 | Construir | Lumber Camp |
| 2:20 | Encolar | Villager (Male) |
| 2:20 | Encolar | Villager (Male) |
| 2:46 | Encolar | Villager (Male) |
| 2:46 | Encolar | Villager (Male) |
| 3:15 | Encolar | Villager (Male) |
| 3:15 | Encolar | Villager (Male) |
| 3:15 | Encolar | Villager (Male) |
| 3:52 | Construir | House |
| 3:53 | Construir | House |
| 3:58 | Encolar | Villager (Male) |
| 4:34 | Encolar | Villager (Male) |
| 4:53 | Encolar | Villager (Male) |
| 5:07 | Construir | Mill |
| 5:14 | Encolar | Villager (Male) |
| 5:14 | Encolar | Villager (Male) |
| 5:14 | Encolar | Villager (Male) |
| 5:40 | Investigar | Loom |
| 5:40 | Investigar | Loom |
| 6:32 | Investigar | Feudal Age |
| 6:45 | Construir | Lumber Camp |
| 7:06 | Construir | Palisade Wall |
| 7:20 | Construir | Palisade Wall |
| 7:32 | Construir | Palisade Wall |
| 7:41 | Encolar | Villager (Male) |
| 7:48 | Construir | Palisade Wall |
| 7:48 | Construir | Palisade Wall |
| 7:49 | Construir | Palisade Wall |
| 8:05 | Construir | Palisade Wall |
| 8:07 | Construir | Palisade Wall |
| 8:33 | Construir | Barracks |
| 8:51 | Edad | Edad Feudal |
| 9:10 | Encolar | Villager (Male) |
| 9:24 | Construir | Archery Range |
| 9:32 | Encolar | Villager (Male) |
| 9:38 | Construir | Palisade Wall |
| 9:39 | Construir | Palisade Wall |
| 9:44 | Encolar | Villager (Male) |
| 9:57 | Construir | House |
| 10:09 | Encolar | Skirmisher |
| 10:10 | Encolar | Archer |
| 10:16 | Encolar | Spearman |
| 10:21 | Encolar | Villager (Male) |
| 10:30 | Investigar | Double-Bit Axe |
| 10:30 | Investigar | Double-Bit Axe |
| 10:41 | Construir | House |
| 10:46 | Encolar | Villager (Male) |
| 10:53 | Encolar | Skirmisher |
| 11:02 | Investigar | Horse Collar |
| 11:02 | Investigar | Horse Collar |
| 11:12 | Construir | House |
| 11:19 | Encolar | Skirmisher |
| 11:21 | Encolar | Villager (Male) |
| 11:34 | Encolar | Villager (Male) |
| 11:46 | Encolar | Villager (Male) |
| 11:50 | Construir | Farm |
| 11:50 | Construir | Farm |
| 11:51 | Construir | Farm |
| 11:53 | Encolar | Skirmisher |
| 11:59 | Construir | House |
| 12:17 | Encolar | Villager (Male) |
| 12:20 | Construir | Mining Camp |
| 12:23 | Encolar | Villager (Male) |
| 12:28 | Encolar | Skirmisher |
| 12:28 | Encolar | Skirmisher |
| 12:37 | Construir | House |
| 12:53 | Construir | Palisade Wall |
| 12:57 | Encolar | Skirmisher |
| 12:59 | Encolar | Villager (Male) |
| 13:01 | Construir | Farm |
| 13:19 | Construir | Farm |
| 13:21 | Construir | Farm |
| 13:24 | Encolar | Skirmisher |
| 13:31 | Encolar | Villager (Male) |
| 13:44 | Encolar | Skirmisher |
| 14:00 | Encolar | Villager (Male) |
| 14:10 | Construir | House |
| 14:14 | Construir | House |
| 14:15 | Construir | Palisade Wall |
| 14:17 | Construir | House |
| 14:22 | Encolar | Villager (Male) |
| 14:23 | Encolar | Skirmisher |
| 14:26 | Construir | Mill |
| 14:40 | Construir | Palisade Wall |
| 14:46 | Construir | Farm |
| 14:47 | Construir | Farm |
| 14:55 | Encolar | Skirmisher |
| 15:01 | Construir | Farm |
| 15:08 | Encolar | Villager (Male) |
| 15:12 | Construir | Farm |
| 15:14 | Encolar | Villager (Male) |
| 15:16 | Construir | Farm |
| 15:42 | Encolar | Villager (Male) |
| 15:52 | Construir | Farm |
| 15:54 | Construir | Farm |
| 16:03 | Construir | Farm |
| 16:12 | Encolar | Villager (Male) |
| 16:22 | Construir | House |
| 16:26 | Construir | Farm |
| 16:45 | Construir | Blacksmith |
| 16:48 | Construir | Palisade Wall |
| 16:51 | Encolar | Villager (Male) |
| 16:55 | Construir | House |
| 17:32 | Construir | House |
| 17:35 | Investigar | Castle Age |
| 17:35 | Investigar | Castle Age |
| 17:44 | Construir | House |
| 18:03 | Investigar | Gold Mining |
| 18:17 | Construir | House |
| 18:20 | Construir | House |
| 18:25 | Construir | Stable |
| 18:56 | Construir | Market |
| 19:24 | Investigar | Fletching |
| 19:24 | Investigar | Fletching |
| 19:41 | Construir | House |
| 19:42 | Construir | House |
| 19:46 | Construir | House |
| 19:58 | Construir | Palisade Gate |
| 20:03 | Construir | House |
| 20:05 | Construir | Palisade Wall |
| 20:15 | Edad | Edad de los Castillos |
| 20:31 | Encolar | Knight |
| 20:38 | Encolar | Cavalry Archer |
| 20:38 | Encolar | Villager (Male) |
| 20:45 | Encolar | Villager (Male) |
| 20:53 | Construir | Archery Range |
| 20:55 | Investigar | Bodkin Arrow |
| 20:59 | Encolar | Villager (Male) |
| 21:07 | Encolar | Knight |
| 21:11 | Construir | Archery Range |
| 21:13 | Encolar | Villager (Male) |
| 21:27 | Encolar | Cavalry Archer |
| 21:39 | Encolar | Villager (Male) |
| 21:55 | Encolar | Cavalry Archer |
| 21:55 | Encolar | Cavalry Archer |
| 21:55 | Encolar | Cavalry Archer |
| 22:05 | Encolar | Cavalry Archer |
| 22:05 | Encolar | Cavalry Archer |
| 22:11 | Construir | Palisade Wall |
| 22:11 | Construir | Palisade Wall |
Build order — VENÓN | Sigfridinho
Primeras 150 de 368 acciones detectadas
| 0:00 | Encolar | Villager (Male) |
| 0:01 | Encolar | Villager (Male) |
| 0:02 | Construir | House |
| 0:02 | Construir | House |
| 0:03 | Encolar | Villager (Male) |
| 0:05 | Encolar | Villager (Male) |
| 1:24 | Encolar | Villager (Male) |
| 1:24 | Encolar | Villager (Male) |
| 1:52 | Construir | Lumber Camp |
| 2:01 | Encolar | Villager (Male) |
| 2:22 | Encolar | Villager (Male) |
| 2:33 | Encolar | Villager (Male) |
| 3:08 | Encolar | Villager (Male) |
| 3:34 | Construir | House |
| 3:35 | Encolar | Villager (Male) |
| 3:53 | Encolar | Villager (Male) |
| 4:09 | Encolar | Villager (Male) |
| 4:09 | Encolar | Villager (Male) |
| 4:27 | Encolar | Villager (Male) |
| 4:52 | Encolar | Villager (Male) |
| 5:13 | Encolar | Villager (Male) |
| 5:21 | Encolar | Villager (Male) |
| 5:46 | Construir | Barracks |
| 5:54 | Investigar | Loom |
| 6:43 | Construir | Mill |
| 6:57 | Investigar | Feudal Age |
| 7:00 | Construir | Mining Camp |
| 7:03 | Encolar | Militia |
| 7:30 | Encolar | Militia |
| 7:35 | Construir | House |
| 8:00 | Encolar | Militia |
| 8:02 | Construir | House |
| 8:04 | Construir | Palisade Wall |
| 8:06 | Construir | Palisade Wall |
| 8:12 | Encolar | Villager (Male) |
| 8:27 | Construir | Mill |
| 8:36 | Encolar | Villager (Male) |
| 9:15 | Edad | Edad Feudal |
| 9:18 | Investigar | Man-at-Arms (upgrade) |
| 9:22 | Encolar | Villager (Male) |
| 9:33 | Construir | Archery Range |
| 9:38 | Construir | Palisade Wall |
| 9:43 | Encolar | Villager (Male) |
| 10:03 | Encolar | Villager (Male) |
| 10:12 | Construir | House |
| 10:32 | Construir | Farm |
| 10:33 | Construir | Farm |
| 10:35 | Encolar | Villager (Male) |
| 10:39 | Encolar | Skirmisher |
| 11:00 | Investigar | Double-Bit Axe |
| 11:10 | Construir | Farm |
| 11:11 | Construir | Farm |
| 11:16 | Encolar | Villager (Male) |
| 11:21 | Construir | Palisade Wall |
| 11:25 | Construir | Palisade Wall |
| 11:46 | Encolar | Villager (Male) |
| 11:54 | Encolar | Skirmisher |
| 11:59 | Construir | Farm |
| 12:06 | Construir | Palisade Wall |
| 12:08 | Construir | Palisade Wall |
| 12:14 | Encolar | Villager (Male) |
| 12:18 | Construir | Farm |
| 12:20 | Encolar | Skirmisher |
| 12:30 | Construir | House |
| 12:40 | Encolar | Villager (Male) |
| 12:46 | Construir | Palisade Wall |
| 12:55 | Construir | Farm |
| 12:57 | Construir | Farm |
| 13:00 | Encolar | Skirmisher |
| 13:08 | Encolar | Villager (Male) |
| 13:12 | Construir | House |
| 13:13 | Construir | House |
| 13:17 | Construir | Farm |
| 13:24 | Construir | Palisade Wall |
| 13:32 | Encolar | Villager (Male) |
| 13:36 | Encolar | Skirmisher |
| 13:54 | Encolar | Villager (Male) |
| 13:58 | Construir | Farm |
| 14:04 | Construir | House |
| 14:20 | Encolar | Skirmisher ×4 |
| 14:30 | Encolar | Villager (Male) |
| 14:35 | Construir | Farm |
| 14:52 | Encolar | Villager (Male) |
| 14:52 | Encolar | Villager (Male) |
| 14:58 | Construir | Farm |
| 14:59 | Construir | House |
| 15:02 | Construir | Palisade Wall |
| 15:09 | Encolar | Villager (Male) |
| 15:15 | Encolar | Villager (Male) |
| 15:31 | Encolar | Villager (Male) |
| 15:41 | Encolar | Villager (Male) |
| 15:45 | Construir | Farm |
| 15:49 | Encolar | Villager (Male) |
| 15:50 | Encolar | Villager (Male) |
| 15:50 | Encolar | Villager (Male) |
| 15:57 | Construir | Blacksmith |
| 16:04 | Encolar | Militia |
| 16:11 | Investigar | Horse Collar |
| 16:13 | Encolar | Villager (Male) |
| 16:15 | Encolar | Villager (Male) |
| 16:16 | Encolar | Villager (Male) |
| 16:22 | Encolar | Skirmisher |
| 16:24 | Encolar | Villager (Male) |
| 16:30 | Encolar | Villager (Male) |
| 16:34 | Construir | Lumber Camp |
| 16:35 | Encolar | Skirmisher |
| 16:39 | Encolar | Villager (Male) |
| 16:41 | Investigar | Fletching |
| 16:49 | Encolar | Villager (Male) |
| 16:53 | Construir | Farm |
| 16:58 | Encolar | Villager (Male) |
| 17:05 | Construir | House |
| 17:05 | Construir | House |
| 17:05 | Construir | House |
| 17:18 | Encolar | Villager (Male) |
| 17:18 | Encolar | Villager (Male) |
| 17:21 | Encolar | Skirmisher |
| 17:24 | Construir | Farm |
| 17:24 | Construir | Farm |
| 17:30 | Construir | Farm |
| 17:30 | Construir | Farm |
| 17:32 | Encolar | Villager (Male) |
| 17:42 | Construir | Lumber Camp |
| 17:42 | Encolar | Villager (Male) |
| 17:47 | Encolar | Villager (Male) |
| 17:53 | Construir | Farm |
| 17:56 | Encolar | Villager (Male) |
| 17:57 | Encolar | Villager (Male) |
| 18:05 | Investigar | Wheelbarrow |
| 18:12 | Encolar | Villager (Male) |
| 18:12 | Encolar | Villager (Male) |
| 18:13 | Encolar | Villager (Male) |
| 18:13 | Encolar | Villager (Male) |
| 18:14 | Encolar | Villager (Male) |
| 18:16 | Construir | Farm |
| 18:18 | Encolar | Villager (Male) |
| 18:24 | Encolar | Villager (Male) |
| 18:25 | Encolar | Villager (Male) |
| 18:32 | Construir | Farm |
| 18:33 | Encolar | Villager (Male) |
| 18:35 | Construir | House |
| 18:38 | Encolar | Villager (Male) |
| 18:47 | Encolar | Villager (Male) |
| 18:57 | Construir | Farm |
| 19:07 | Encolar | Villager (Male) |
| 19:10 | Construir | Farm |
| 19:11 | Encolar | Villager (Male) |
| 19:13 | Encolar | Villager (Male) |
| 19:14 | Construir | Farm |
| 19:22 | Construir | Farm |
Cronología de la partida
| 5:46 | VENÓN | Sigfridinho · first_building Barracks |
| 7:06 | 我本善良 · wall_segment Palisade Wall x4 |
| 7:20 | 我本善良 · wall_segment Palisade Wall x12 |
| 7:32 | 我本善良 · wall_segment Palisade Wall x3 |
| 7:48 | 我本善良 · wall_segment Palisade Wall x1 |
| 7:48 | 我本善良 · wall_segment Palisade Wall x1 |
| 7:49 | 我本善良 · wall_segment Palisade Wall x1 |
| 8:04 | VENÓN | Sigfridinho · wall_segment Palisade Wall x7 |
| 8:05 | 我本善良 · wall_segment Palisade Wall x5 |
| 8:06 | VENÓN | Sigfridinho · wall_segment Palisade Wall x4 |
| 8:07 | 我本善良 · wall_segment Palisade Wall x4 |
| 8:33 | 我本善良 · first_building Barracks |
| 8:51 | 我本善良 · age_up feudal |
| 9:15 | VENÓN | Sigfridinho · age_up feudal |
| 9:24 | 我本善良 · first_building Archery Range |
| 9:33 | VENÓN | Sigfridinho · first_building Archery Range |
| 9:38 | 我本善良 · wall_segment Palisade Wall x8 |
| 9:38 | VENÓN | Sigfridinho · wall_segment Palisade Wall x8 |
| 9:39 | 我本善良 · wall_segment Palisade Wall x7 |
| 11:21 | VENÓN | Sigfridinho · wall_segment Palisade Wall x4 |
| 11:25 | VENÓN | Sigfridinho · wall_segment Palisade Wall x3 |
| 12:06 | VENÓN | Sigfridinho · wall_segment Palisade Wall x2 |
| 12:08 | VENÓN | Sigfridinho · wall_segment Palisade Wall x8 |
| 12:46 | VENÓN | Sigfridinho · wall_segment Palisade Wall x1 |
| 12:53 | 我本善良 · wall_segment Palisade Wall x7 |
| 13:24 | VENÓN | Sigfridinho · wall_segment Palisade Wall x1 |
| 14:15 | 我本善良 · wall_segment Palisade Wall x1 |
| 14:40 | 我本善良 · wall_segment Palisade Wall x1 |
| 15:02 | VENÓN | Sigfridinho · wall_segment Palisade Wall x17 |
| 16:48 | 我本善良 · wall_segment Palisade Wall x1 |
| 18:25 | 我本善良 · first_building Stable |
| 20:05 | 我本善良 · wall_segment Palisade Wall x1 |
| 20:15 | 我本善良 · age_up castle |
| 22:11 | 我本善良 · wall_segment Palisade Wall x5 |
| 22:11 | 我本善良 · wall_segment Palisade Wall x5 |
| 22:12 | 我本善良 · wall_segment Palisade Wall x4 |
| 22:14 | VENÓN | Sigfridinho · age_up castle |
| 22:31 | VENÓN | Sigfridinho · first_building Monastery |
| 23:51 | 我本善良 · first_market_buy 100 food |
| 24:18 | 我本善良 · first_building Monastery |
| 24:51 | 我本善良 · first_building Siege Workshop |
| 26:15 | VENÓN | Sigfridinho · first_building Siege Workshop |
| 27:24 | 我本善良 · first_market_sell 100 wood |
| 32:42 | VENÓN | Sigfridinho · first_market_buy 100 wood |
| 33:09 | VENÓN | Sigfridinho · first_building Castle |
| 35:10 | 我本善良 · resign |
[ ANÁLISIS IA · 1 CRÉDITO ]
¿Qué pasó realmente en esta partida?
Wolo.gg analiza cada decisión: build order, eco, micro, errores típicos por bracket. Análisis personalizado por WhatsApp o Discord en 30 segundos.
Guía civ
Polacos
Perfil
Jugador #21227185